 Dungeon Crawl Stone Soup version 0.30-a0-1016-gfb0d676c02 (webtiles) character file.

Game seed: 15036654859781785880

6967 bande the Cleaver (level 11, -4/67 HPs)
             Began as a Gargoyle Fighter on Apr 6, 2023.
             Was a Believer of Okawaru.
             Slain by a yak (7 damage)
             ... on level 10 of the Dungeon.
             The game lasted 00:15:50 (10284 turns).

bande the Cleaver (Gargoyle Fighter)               Turns: 10284, Time: 00:15:51

Health: -4/67      AC: 21    Str: 20    XL:     11   Next: 7%
Magic:  13/13      EV: 10    Int: 12    God:    Okawaru [**....]
Gold:   91         SH: 15    Dex: 13    Spells: 10/10 levels left

rFire   . . .      SeeInvis +    a - +0 war axe
rCold   . . .      Faith    .    E - +0 kite shield
rNeg    + . .      Spirit   .    K - +0 plate armour
rPois   ∞          Reflect  +    D - +0 helmet {Int+3}
rElec   +          Rampage  .    t - +2 cloak
rCorr   .                        (no gloves)
Will    +....                    (no boots) Stlth
                                 l - amulet of reflection
HPRegen 0.31/turn                n - +5 ring of evasion
MPRegen 0.13/turn                A - ring of willpower

@: mighty
A: sickness immunity, AC +8, negative energy resistance 1, electricity
resistance, torment resistance 1, petrification resistance, see invisible,
deformed body, MP-powered wands
a: Renounce Religion, Heroism


You were on level 10 of the Dungeon.
You worshipped Okawaru.
Okawaru was pleased with you.
You visited 2 branches of the dungeon, and saw 11 of its levels.

You collected 478 gold pieces.
You spent 387 gold pieces at shops.

Inventory:

Hand Weapons
 a - a +0 war axe (weapon)
 p - a +0 broad axe
 z - a +2 hand axe of flaming
Armour
 t - a +2 cloak (worn)
 D - a +0 helmet of intelligence (worn)
 E - a +0 kite shield (worn)
 K - a +0 plate armour (worn)
Jewellery
 f - a ring of protection from cold
 i - an amulet of the acrobat
 l - an amulet of reflection (around neck)
 n - a +5 ring of evasion (left hand)
 w - a ring of wizardry
 A - a ring of willpower (right hand)
 C - a +6 ring of dexterity
 J - a ring of ice
Wands
 o - a wand of quicksilver (17)
 x - a wand of digging (4)
 B - a wand of flame (47)
 I - a wand of iceblast (8)
Scrolls
 e - a scroll of fog
 g - 2 scrolls of teleportation
 h - 3 scrolls of amnesia
 j - 3 scrolls of poison
 s - 2 scrolls of fear
 y - 2 scrolls of identify
 H - 2 scrolls of magic mapping
Potions
 b - 2 potions of cancellation
 c - a potion of degeneration {unknown}
 d - a potion of might
 k - a potion of curing
 m - 2 potions of magic
 q - 4 potions of resistance
 u - 2 potions of haste
 F - a potion of flight {unknown}


   Skills:
 + Level 7.3 Fighting
 + Level 9.7 Axes
 + Level 7.4 Armour
 - Level 0.3 Stealth
 + Level 8.7 Shields
 * Level 3.1 Invocations
 * Level 5.2 Evocations


You had 10 spell levels left.
You didn't know any spells.
Your spell library contained the following spells:

 Spells                   Type           Power      Damage    Failure   Level
 Anguish                  Hex/Necr       0%         N/A       100%        4
 Enfeeble                 Hex            0%         N/A       100%        7
 Borgnjor's Revivificati  Necr           0%         N/A       100%        8
 Necromutation            Tmut/Necr      0%         N/A       100%        8
 Death's Door             Necr           0%         N/A       100%        9


Dungeon Overview and Level Annotations

Branches:
Dungeon (10/15)            Temple (1/1) D:4
   Lair: D:8-11         Orc: D:9-12

Altars:
Cheibriados
Dithmenos
Elyvilon
Fedhas
Gozag
Kikubaaqudgha
Okawaru
Ru
Sif Muna
Trog
Uskayaw
Vehumet
Wu Jian
Yredelemnul
Zin
The Shining One

Shops:
D:2 :   D:4 *   D:8 (


Innate Abilities, Weirdness & Mutations

You are immune to sickness and miasma.
Your stone body is resilient. (AC +8)
You are immune to poison.
You resist negative energy. (rN+)
You are resistant to electric shocks. (rElec)
You are resistant to unholy torment.
You are immune to petrification.
You have supernaturally acute eyesight. (SInv)
Armour fits poorly on your strangely shaped body.
You expend magic power (3 MP) to strengthen your wands.


Message History

* * * LOW HITPOINT WARNING * * *
The troll claws you.
* * * LOW HITPOINT WARNING * * *
You block the yak's attack.
The yak gores you but does no damage. x2
You block the yak's attack.
You feel better. The troll bites you but does no damage.
The troll claws you but does no damage. You block the troll's attack.
The yak gores you but does no damage. The yak barely misses you.
You block the yak's attack. The yak gores you!
* * * LOW HITPOINT WARNING * * *
You feel very mighty all of a sudden. You block the yak's attack.
The yak gores you but does no damage. The troll bites you!
* * * LOW HITPOINT WARNING * * *
The troll claws you but does no damage. You block the troll's attack.
The yak gores you but does no damage. You block the yak's attack.
Unknown command.
You slash the yak!
The yak is moderately wounded.
You slash the troll! You hit the yak. You hit the yak but do no damage.
You slash the yak! The yak completely misses you. The yak barely misses you.
The troll completely misses you. The troll closely misses you.
You block the troll's attack. You block the yak's attack. The yak misses you.
Unknown command.
You hit the yak.
The yak is heavily wounded.
You hit the yak but do no damage. You slash the yak! You slash the troll!
You hit the yak. The yak closely misses you. You block the yak's attack. x2
The troll closely misses you. The troll claws you but does no damage.
The troll claws you!
* * * LOW HITPOINT WARNING * * *
You block the yak's attack.
You slash the yak!
The yak is almost dead.
You hit the yak. You barely miss the yak. You hit the yak.
You closely miss the troll. You block the yak's attack.
The troll barely misses you. The troll claws you but does no damage.
You block the troll's attack. The yak closely misses you.
The yak completely misses you. You block the yak's attack. The yak gores you!
You die...

####.....
#..........#
######..........#
........≈≈≈≈≈≈..#
........≈≈ ≈≈..#
.......Y≈# #≈..#
......TY≈####≈^.#
/.....Y@≈≈##≈≈..#
....[.YY≈≈≈≈≈≈))#
..............)<#
.)............).#
##########......#
########


You could see 5 yaks and a troll.

Vanquished Creatures
  A two-headed ogre (D:8)
  Pikel (D:8)
  Grinder (D:5)
  A shadow (D:8)
  Sigmund (D:5)
  4 yaks
  A wyvern (D:9)
  Edmund (D:4)
  Menkaure (D:7)
  5 water moccasins
  3 orc warriors
  2 ice beasts
  A black bear (D:6)
  3 sky beasts
  3 centaurs
  4 ogres
  A lemure (D:8)
  A phantom (D:4)
  A gnoll sergeant (D:9)
  3 bullfrogs
  5 scorpions
  9 wights
  4 killer bees (D:8)
  4 howler monkeys
  2 electric eels
  4 jellies
  7 orc priests
  2 gnoll boudas (D:5)
  8 hounds
  A sleepcap (D:6)
  6 orc wizards
  3 iguanas (D:4)
  8 gnolls (D:5)
  7 adders
  2 shadow imps
  2 white imps
  An ufetubus (D:5)
  18 orcs
  2 bat zombies (D:8)
  8 endoplasms
  A giant cockroach (D:4)
  6 goblins
  4 hobgoblins
  6 jackals
  4 quokkas
  7 ball pythons
  6 bats
  3 frilled lizards
  7 kobolds
  10 rats
196 creatures vanquished.

Vanquished Creatures (others)
  8 plants (D:4)
8 creatures vanquished.

Grand Total: 204 creatures vanquished

Notes
Turn   | Place    | Note
-------+----------+-------------------------------------------
     0 | D:1      | bande the Gargoyle Fighter began the quest for the Orb.
     0 | D:1      | Reached XP level 1. HP: 14/14 MP: 1/1
   192 | D:1      | Found a faded altar of an unknown god.
   347 | D:1      | Reached skill level 2 in Axes
   347 | D:1      | Reached XP level 2. HP: 13/19 MP: 2/2
  1176 | D:2      | Reached XP level 3. HP: 20/23 MP: 3/3
  1303 | D:2      | Found an opulent altar of Gozag.
  1468 | D:2      | Found Zyvu's Book Boutique.
  2090 | D:3      | Reached XP level 4. HP: 29/29 MP: 4/4
  2306 | D:3      | Reached skill level 3 in Axes
  2562 | D:4      | Found Koeliter's Assorted Antiques.
  2577 | D:4      | Noticed a bullfrog
  2589 | D:4      | Killed a bullfrog
  2590 | D:4      | Reached XP level 5. HP: 18/33 MP: 5/5
  2728 | D:4      | Found a shadowy altar of Dithmenos.
  2842 | D:4      | Noticed an ogre
  2855 | D:4      | Killed an ogre
  2856 | D:4      | Reached skill level 4 in Axes
  2856 | D:4      | Reached XP level 6. HP: 36/38 MP: 6/6
  2979 | D:4      | Found a blossoming altar of Fedhas.
  3069 | D:4      | Noticed an ice beast
  3091 | D:4      | Killed an ice beast
  3092 | D:4      | Reached XP level 7. HP: 27/44 MP: 7/7
  3359 | D:4      | Reached skill level 5 in Axes
  3477 | D:4      | Found a staircase to the Ecumenical Temple.
  3486 | D:4      | Reached skill level 5 in Shields
  3514 | Temple   | Entered the Ecumenical Temple
  3951 | D:5      | Entered Level 5 of the Dungeon
  3951 | D:5      | Noticed Edmund
  3952 | D:5      | Noticed Grinder
  3988 | D:4      | Killed Edmund
  3989 | D:4      | Reached skill level 5 in Armour
  3989 | D:4      | Reached XP level 8. HP: 29/48 MP: 8/8
  4262 | D:5      | Paralysed by Grinder for 4 turns
  4279 | D:5      | Killed Grinder
  4280 | D:5      | Reached skill level 5 in Fighting
  4280 | D:5      | Reached skill level 6 in Axes
  4320 | D:5      | Reached skill level 1 in Evocations
  4331 | D:5      | Gained mutation: You have sharp toenails. [potion of
                  | mutation]
  4332 | D:5      | Lost mutation: You have sharp toenails. [potion of
                  | mutation]
  4332 | D:5      | Gained mutation: You expend magic power (3 MP) to
                  | strengthen your wands. [potion of mutation]
  4332 | D:5      | Gained mutation: You have supernaturally acute eyesight.
                  | (SInv) [potion of mutation]
  4332 | D:5      | Gained mutation: Armour fits poorly on your strangely
                  | shaped body. [potion of mutation]
  4388 | D:5      | Reached skill level 7 in Axes
  4766 | D:5      | Noticed Sigmund
  4784 | D:5      | Killed Sigmund
  4785 | D:5      | Reached XP level 9. HP: 9/55 MP: 9/9
  5380 | D:5      | Found a white marble altar of Elyvilon.
  5380 | D:5      | Found a glowing golden altar of the Shining One.
  5381 | D:5      | Found a glowing silver altar of Zin.
  5442 | D:4      | Bought a glowing helmet for 157 gold pieces
  5731 | D:6      | Found a hide-covered altar of Uskayaw.
  6056 | D:4      | Bought a kite shield for 94 gold pieces
  6112 | D:6      | Reached skill level 8 in Axes
  6837 | D:7      | Noticed Menkaure
  6844 | D:7      | Killed Menkaure
  7338 | D:8      | Noticed Pikel
  7373 | D:8      | Killed Pikel
  7374 | D:8      | Reached XP level 10. HP: 28/61 MP: 10/10
  7583 | D:8      | Found a sacrificial altar of Ru.
  7592 | D:8      | Found an ornate altar of the Wu Jian Council.
  7942 | D:8      | Reached skill level 9 in Axes
  8087 | D:8      | Found an iron altar of Okawaru.
  8112 | D:8      | Became a worshipper of Warmaster Okawaru
  8413 | D:8      | Found Butwo's Antique Weapon Emporium.
  8574 | D:8      | Found an ancient bone altar of Kikubaaqudgha.
  8684 | D:9      | Noticed a two-headed ogre
  8861 | D:8      | Reached skill level 1 in Invocations
  8993 | D:8      | Killed a two-headed ogre
  9240 | D:9      | Reached * piety under Okawaru
  9640 | D:9      | Identified the +5 halberd of Blood {venom, Fly Stlth+}
  9718 | D:9      | Reached skill level 5 in Evocations
  9730 | D:9      | Reached ** piety under Okawaru
  9917 | D:9      | Reached XP level 11. HP: 50/67 MP: 13/13
 10184 | D:8      | Bought a broad axe for 136 gold pieces
 10206 | D:10     | Entered Level 10 of the Dungeon
 10283 | D:10     | HP: 2/67 [troll (7)]
 10284 | D:10     | Slain by a yak

Illustrated notes

Levels and vault maps discovered:
D:1:      spicycebolla_green_bress_n_ham_2, layout_loops_corners,
          hellmonk_ecumenical_altar_lost_god
D:2:      layout_basic, serial_shops, nicolae_square_shop, basic_altar
D:3:      layout_loops_cross
D:4:      minmay_general_purpose_star, layout_basic, old_standard_altar,
          grunt_dithmenos_smoke_and_mirrors, minmay_temple_entry_proselytizer,
          serial_shops, nicolae_shop_overgrown_old_shop, serial_bayou,
          serial_bayou_lake_a, serial_bayou_crossing, serial_bayou_pond_c,
          serial_bayou_ford_a, saegor_snake_ambush
D:5:      layout_cave_pools, good_gods_mini_temple, uniq_sigmund, uniq_grinder,
          uniq_edmund
D:6:      layout_basic, mainiacjoe_overflow_surrounded_room, bh_walls_and_bars
D:7:      layout_basic, uniq_menkaure
D:8:      layout_loops_corners, mainiacjoe_overflow_large_starburst,
          okawaru_gym_becter, lemuel_zombie_altar_kikubaaqudgha, serial_shops,
          nicolae_shop_trees, uniq_pikel
D:9:      layout_roguey, serial_bayou_pond_b
D:10:     nicolae_moon_pools, layout_rooms,
          grunt_temple_overflow_champion_of_chaos,
          nicolae_hepliaklqana_monster_ancestors,
          gammafunk_temple_overflow_forgotten,
          ploomutoo_gammafunk_ghost_potion_laboratory, uniq_erica
Temple:   nicolae_temple_ecumenical_triangle

Skill      XL: |  1  2  3  4  5  6  7  8  9 10 11 |
---------------+----------------------------------+-----
Axes           | 2 3 4 5 7 8 9 |  9.7
Armour         | 4 5 6 7 |  7.4
Fighting       | 4 5 6 7 |  7.3
Shields        | 4 5 6 7 8 |  8.7
Evocations     | 2 4 5 |  5.2
Invocations    | 2 3 |  3.1
Stealth        | |  0.3

Action                     |  1- 3 |  4- 6 |  7- 9 | 10-12 || total
---------------------------+-------+-------+-------+-------++-------
  Melee: War axe           |   147 |    88 |   365 |   306 ||   906
    Use: Scroll            |    11 |       |     8 |     2 ||    21
         Potion            |       |       |     2 |     3 ||     5
 Armour: Scale mail        |   111 |       |       |       ||   111
         Chain mail        |    10 |    27 |   133 |    92 ||   262
         Plate armour      |       |       |       |    56 ||    56
  Dodge: Dodged            |    84 |    40 |   174 |   133 ||   431
  Block: Buckler           |    46 |    47 |   177 |       ||   270
         Kite shield       |       |       |    71 |   342 ||   413
         Reflection        |       |       |       |    10 ||    10

Table legend: (Time is in decaauts)
 A = Elapsed time spent in this place.
 B = Non-inter-level travel time spent in this place.
 C = Inter-level travel time spent in this place.
 D = Time resting spent in this place.
 E = Time spent auto-exploring this place.
 F = Levels seen in this place.
 G = Mean time per level.
                   A        B        C        D        E       F      G
               +--------+--------+--------+--------+--------+-----+--------+
         Total |  10606 |  10168 |    438 |   2245 |   5781 |  11 |  964.2 |
       Dungeon |  10568 |  10130 |    438 |   2245 |   5781 |  10 | 1056.8 |
        Temple |     37 |     37 |      0 |      0 |      0 |   1 |   37.0 |
               +--------+--------+--------+--------+--------+-----+--------+

Top non-repeatable levels by time:
     D:4: 1930 daAuts
     D:8: 1829 daAuts
     D:1: 1237 daAuts
     D:5: 1207 daAuts
     D:9: 1129 daAuts
     D:6: 884 daAuts
     D:7: 865 daAuts
     D:2: 742 daAuts
     D:3: 659 daAuts
    D:10: 83 daAuts
  Temple: 37 daAuts
